 Dungeon Crawl Stone Soup version 0.27-a0-1242-ge70438ac7b (webtiles) character file.

Game seed: 394165956555082834

224 Glokmah the Shield-Bearer (level 5, 0/42 HPs)
             Began as a Demonspawn Fighter on June 9, 2021.
             Succumbed to an adder's poison
             ... on level 3 of the Dungeon.
             The game lasted 00:03:15 (2192 turns).

Glokmah the Shield-Bearer (Demonspawn Fighter)      Turns: 2192, Time: 00:03:15

Health: 0/42       AC: 10    Str: 17    XL:     5   Next: 67%
Magic:  5/5        EV:  7    Int: 10    God:
Gold:   134        SH:  9    Dex: 12    Spells: 4/4 levels left

rFire    . . .     SeeInvis .   a - +0 war axe
rCold    . . .     Faith    .   c - +0 kite shield
rNeg     . . .     Spirit   .   b - +0 scale mail
rPois    .         Reflect  .   (helmet restricted)
rElec    .         Harm     .   g - +2 cloak
rCorr    .         Rampage  .   (no gloves)
Will     .....                  (no boots)
Stlth    ..........             (no amulet)
HPRegen  0.14/turn              (no ring)
MPRegen  0.18/turn              (no ring)

@: lethally poisoned (0 -> -6)
A: antennae 1, powered by pain 1, magic regeneration
a: no special abilities


You were on level 3 of the Dungeon.
You visited 1 branch of the dungeon, and saw 3 of its levels.

You collected 134 gold pieces.

Inventory:

Hand Weapons
 a - a +0 war axe (weapon)
Missiles
 m - 3 boomerangs (quivered)
Armour
 b - a +0 scale mail (worn)
 c - a +0 kite shield (worn)
 g - a +2 cloak (worn)
Scrolls
 f - a scroll of torment {unknown}
 h - a scroll of amnesia {unknown}
 i - a scroll of noise {unknown}
 j - a scroll of identify {unknown}
 l - a scroll of teleportation {unknown}
 n - a scroll of enchant weapon {unknown}
Potions
 d - a potion of might
 e - a potion of experience {unknown}
 k - 2 potions of magic {unknown}
 o - a potion of flight {unknown}


   Skills:
 + Level 3.7 Fighting
 * Level 3.4 Axes
 + Level 3.4 Armour
 * Level 4.0 Shields


You had 4 spell levels left.
You didn't know any spells.
Your spell library was empty.

Dungeon Overview and Level Annotations

Branches:
Dungeon (3/15)

Altars:


Innate Abilities, Weirdness & Mutations

You have a pair of small antennae on your head.
You sometimes gain a little power by taking damage.
You regenerate magic rapidly.


Message History

Aim: an adder (38% to hit)
You throw a boomerang. The boomerang hits the adder.
The adder is moderately wounded.
A ball python comes into view.
Throw: 3 boomerangs
Press: ? - help, Q - select action Shift-Dir - straight line, f/p - adder
Aim: an adder (moderately wounded, 38% to hit)
You throw a boomerang. The boomerang misses the adder.
The ball python hisses angrily.
Unknown command.
You barely miss the adder.
The adder is moderately wounded.
The adder bites you but does no damage. The adder bites you.
* * * LOW HITPOINT WARNING * * *
You closely miss the adder.
The adder is moderately wounded.
You feel a little less mighty now. The adder closely misses you.
You block the adder's attack.
A ball python comes into view.
You hit the adder.
The adder is heavily wounded.
The adder bites you.
* * * LOW HITPOINT WARNING * * *
You block the adder's attack.
The ball python bites you but does no damage.
You block the ball python's attack.
You barely miss the adder.
The adder is heavily wounded.
You hit the ball python.
You kill the ball python!
You block the adder's attack. The adder barely misses you.
You closely miss the adder.
The adder is heavily wounded.
You block the adder's attack. The adder bites you.
* * * LOW HITPOINT WARNING * * *
You are lethally poisoned!
The adder poisons you!
You barely miss the adder.
The adder is heavily wounded.
You die...

.........#.n## ...... ....##
.##.....)##..##.#... ......
###.##).##.##...# # #.#... #.
##.)..#...# ... #.##.. #.
##.......# .$.#.##.....
##.##..#.....## .... ........
#>........S#..#..... ##.....
#...##.###.S.†.....####......
#...##.# ###@#......##.....†.
#...##.# #.................
###...##.### #..#...........[..
#..........###..#....####.#....
#..........#...##....####.##.##
#............###..###..>...#.##
#..........###........####.#.##
#..........###...###### #...#
#..............### #####


You could see an adder and a ball python.

Vanquished Creatures
  A bullfrog (D:3)
  Jessica (D:3)
  4 gnolls (D:3)
  An adder (D:3)
  2 dart slugs
  An orc (D:3)
  6 ball pythons
  2 endoplasms
  2 giant cockroaches
  7 goblins
  8 hobgoblins
  16 jackals
  A quokka (D:1)
  8 bats
  6 frilled lizards
  4 kobolds
  9 rats
79 creatures vanquished.

Notes
Turn   | Place    | Note
-------+----------+-------------------------------------------
     0 | D:1      | Glokmah the Demonspawn Fighter began the quest for the Orb.
     0 | D:1      | Reached XP level 1. HP: 18/18 MP: 1/1
   174 | D:1      | Gained mutation: You sometimes gain a little power by
                  | taking damage. [demonic ancestry]
   174 | D:1      | Reached XP level 2. HP: 24/24 MP: 2/2
   209 | D:1      | Reached skill level 3 in Shields
   361 | D:1      | Gained mutation: You have a pair of small antennae on your
                  | head. [demonic ancestry]
   361 | D:1      | Reached XP level 3. HP: 18/29 MP: 3/3
   548 | D:1      | Found a faded altar of an unknown god.
  1652 | D:3      | Gained mutation: You regenerate magic rapidly. [demonic
                  | ancestry]
  1652 | D:3      | Reached XP level 4. HP: 33/35 MP: 4/4
  1717 | D:3      | Noticed Jessica
  1723 | D:3      | Killed Jessica
  1857 | D:3      | Noticed a bullfrog
  1873 | D:3      | Killed a bullfrog
  1874 | D:3      | Reached XP level 5. HP: 24/41 MP: 5/5
  2134 | D:3      | Reached skill level 4 in Shields
  2182 | D:3      | Noticed a necrophage
  2192 | D:3      | Succumbed to an adder's poison

Illustrated notes

Levels and vault maps discovered:
D:1:      saegor_arrival_simple_b, layout_rooms,
          hellmonk_ecumenical_altar_heavens_door, minmay_misc_feat_four_crosses,
          chequers_serial_rivers_room_b
D:2:      layout_rooms
D:3:      layout_rooms, minmay_cupped, uniq_natasha, uniq_jessica

Skill      XL: |  1  2  3  4  5 |
---------------+----------------+-----
Axes           | 2 3 |  3.4
Shields        | 3 4 |  4.0
Armour         | 3 |  3.4
Fighting       | |  3.7

Action                   |  1- 3 |  4- 6 || total
-------------------------+-------+-------++-------
Melee: War axe           |   144 |    89 ||   233
Throw: Boomerang         |       |     5 ||     5
Armor: Scale mail        |   107 |    69 ||   176
Dodge: Dodged            |    54 |    38 ||    92
Block: Kite shield       |    90 |    69 ||   159

Table legend: (Time is in decaauts)
 A = Elapsed time spent in this place.
 B = Non-inter-level travel time spent in this place.
 C = Inter-level travel time spent in this place.
 D = Time resting spent in this place.
 E = Time spent auto-exploring this place.
 F = Levels seen in this place.
 G = Mean time per level.
                   A        B        C        D        E       F      G
               +--------+--------+--------+--------+--------+-----+--------+
         Total |   2340 |   2211 |    129 |    188 |   1355 |   3 |  780.0 |
       Dungeon |   2340 |   2211 |    129 |    188 |   1355 |   3 |  780.0 |
               +--------+--------+--------+--------+--------+-----+--------+

Top non-repeatable levels by time:
     D:1: 967 daAuts
     D:2: 743 daAuts
     D:3: 629 daAuts
